Cogmind - Beta 16 @@@ ROGUE MODE // 2025.11.10 @ 15:10:45 Player: ClassActJerk Result: Destroyed self with Subdweller Shrapnel Launcher Performance ------------- Evolutions (0) 0 Regions Visited (3) 600 Robots Destroyed (17) 85 Value Destroyed (428) 428 Prototype IDs (0) 0 Alien Tech Used (0) 0 Bonus (0) 0 TOTAL SCORE: 1113 Bonus ------- None Cogmind --------- Core Integrity 0/250 Matter 280/300 Energy 182/200 System Corruption 0% Temperature Cool (0) Movement Rolling (120) Ox1 Location -10/Subcaves Parts ------- > --- POWER (1) -------- Subdweller Power Source > --- PROPULSION (2) --- Subdweller Monowheel > --- UTILITY (2) ------ Small Storage Unit Makeshift Kinetic Plating > --- WEAPON (2) ------- Subdweller Laser Subdweller Shrapnel Launcher > --- INVENTORY (8) ---- Ion Engine Subdweller Power Source Subdweller Power Source Reaction Control System Makeshift Light Armor Plating Grenade Launcher Flamer Peak State ------------ > --- POWER ------------ Light Ion Engine > --- PROPULSION ------- Subdweller Monowheel Subdweller Monowheel > --- UTILITY ---------- Small Storage Unit Makeshift Light Armor Plating > --- WEAPON ----------- Heavy Particle Cannon Assault Rifle > --- INVENTORY -------- Ion Engine Subdweller Power Source Subdweller Power Source Reaction Control System Grenade Launcher Subdweller Shrapnel Launcher Flamer [Rating: 15] Favorites ----------- Power Light Ion Engine Engine Light Ion Engine Propulsion Light Treads Treads Light Treads Wheel Subdweller Monowheel Hover Unit Airjet Utility Small Storage Unit Storage Small Storage Unit Processor Target Analyzer Protection Makeshift Kinetic Plating Weapon Assault Rifle Energy Gun Subdweller Laser Energy Cannon Heavy Particle Cannon Ballistic Gun Assault Rifle Launcher Subdweller Shrapnel Launcher Build | -11 -10 -10 -10 ------- Run | Yrd Mat Min Sub Slots Evolved . | . . . . Power . | . . . . Propulsion . | . . . . Utility . | . . . . Weapon . | . . . . Parts Attached 21 | 4 2 2 13 Power 4 | 1 . 1 2 Engine 4 | 1 . 1 2 Core . | . . . . Reactor . | . . . . Propulsion 6 | 2 . . 4 Treads 2 | 2 . . . Leg . | . . . . Wheel 3 | . . . 3 Hover 1 | . . . 1 Flight . | . . . . Utility 4 | 1 . 1 2 Device . | . . . . Storage 1 | 1 . . . Processor 1 | . . 1 . Hackware . | . . . . Protection 2 | . . . 2 Artifact . | . . . . Weapon 7 | . 2 . 5 Energy Gun 1 | . . . 1 Energy Cannon 1 | . . . 1 Ballistic Gun 3 | . 2 . 1 Ballistic Cannon . | . . . . Launcher 2 | . . . 2 Special Weapon . | . . . . Impact Weapon . | . . . . Slashing Weapon . | . . . . Piercing Weapon . | . . . . Special Melee Weapon . | . . . . Unidentified Prototypes . | . . . . Parts Lost 4 | . . . 4 Power . | . . . . Propulsion 2 | . . . 2 Utility . | . . . . Weapon 2 | . . . 2 Highest Loss Streak 3 | . . . 3 To Critical Strikes . | . . . . Average Backups 5 | 3 2 5 6 Power 2 | . 1 2 2 Propulsion . | . . . . Utility . | . . . 1 Weapon 2 | 1 1 2 2 Tool/Special . | . . . . Unused Backups 6 | . . . 6 Power 3 | . . . 3 Propulsion . | . . . . Utility 2 | . . . 2 Weapon 1 | . . . 1 Tool/Special . | . . . . Average Slot Usage (%) 88 | . 84 91 88 Engine 14 | . 14 14 14 Treads 16 | . 28 28 6 Wheel 5 | . . . 9 Storage 14 | . 14 14 14 Processor 5 | . . 5 7 Protection 3 | . . . 6 Energy Gun 1 | . . . 2 Energy Cannon 2 | . . . 4 Ballistic Gun 20 | . 27 28 13 Launcher 3 | . . . 7 Peak Build Rating 15 | 4 6 10 15 Average Rating 9 | 2 5 7 11 On Entrance 5 | . 4 6 10 Avg Prop Armor Cover (%) . | . . . . Naked Turns . | . . . . Heaviest Build 29 | 10 14 14 29 Greatest Support 40 | 40 40 40 40 Greatest Overweight (x) 8 | 1 . . 8 Average Overweight (x) . | . . . 1 Largest Inventory Capacity 8 | 8 8 8 8 Average Capacity 7 | 6 8 8 8 Most Carried 8 | 5 4 7 8 Average Carried 5 | 3 2 5 6 Final Capacity 8 | 8 8 8 8 Final Carried 7 | 3 4 7 7 Class Distribution -------------------- 100% | Mutant Dominant Class ---------------- Mutant | -10/Materials Mutant | -10/Mines Mutant | -10/Subcaves Resources | -11 -10 -10 -10 ----------- Run | Yrd Mat Min Sub Matter Collected 698 | 208 142 97 251 Remotely . | . . . . Salvage Created 448 | . 124 45 279 Parts 43 | . 13 6 24 Haulers Intercepted . | . . . . Recyclers Shooed 1 | . 1 . . Parts Field Recycled . | . . . . Retrieved Matter . | . . . . Parts Self-Destructed 7 | . . . 7 Prevented . | . . . . Parts Restored . | . . . . Kills | -11 -10 -10 -10 ------- Run | Yrd Mat Min Sub Combat Hostiles Destroyed 16 | . 3 3 10 Guns 11 | . 3 3 5 Cannons 3 | . . . 3 AOE 2 | . . . 2 Classes Destroyed 4 | . 2 1 1 Watcher 1 | . 1 . . Swarmer 7 | . . 3 4 Grunt 3 | . 3 . . Subdweller 6 | . . . 6 Best Kill Streak 4 | . 1 3 4 Combat Bots Only 4 | . 1 3 4 Max Kills in Single Turn 1 | . 1 1 1 Gunslinging . | . . . . Exploded 1 | . . . 1 Melee . | . . . . Uniques/NPCs Destroyed . | . . . . Combat | -11 -10 -10 -10 -------- Run | Yrd Mat Min Sub Hostile Shots Fired 144 | . 21 38 85 Missed 43 | . 9 8 26 Hits 101 | . 12 30 59 Projectile 101 | . 12 30 59 AOE 4 | . . . 4 Critical Strikes 2 | . . 1 1 Damage Taken 1353 | . 131 240 982 Core 278 | . 11 23 244 Absorbed by Shields . | . . . . Ignored by Resistances 16 | . . . 16 Core Remaining (%) 100 | 100 . . . Volleys Fired 56 | . 15 13 28 Largest 2 | . 2 2 2 Hottest 100 | . 40 40 100 Shots Fired 109 | . 30 26 53 Gun 85 | . 30 26 29 Cannon 20 | . . . 20 Launcher 4 | . . . 4 Special . | . . . . Kinetic 87 | . 30 26 31 Thermal 21 | . . . 21 Explosive 1 | . . . 1 Electromagnetic . | . . . . Robot Hit Streak 8 | . 3 3 8 Robot Miss Streak 7 | . 4 7 4 Penetration Max . | . . . . Secondary Targets . | . . . . Shots Hit Robots 54 | . 14 9 31 Core Hits 23 | . 6 3 14 Critical Kills 1 | . . . 1 Critical Parts Destroyed . | . . . . Critical Strikes 1 | . . . 1 Destroy 1 | . . . 1 Melee Attacks . | . . . . Impact . | . . . . Slashing . | . . . . Piercing . | . . . . Sneak Attacks . | . . . . Combat Hostiles . | . . . . Follow-up Attacks . | . . . . Damage Inflicted 1048 | . 191 115 742 Guns 518 | . 191 115 212 Cannons 350 | . . . 350 Explosions 180 | . . . 180 Melee . | . . . . Ramming . | . . . . Kinetic 651 | . 191 115 345 Thermal 350 | . . . 350 Explosive 47 | . . . 47 Electromagnetic . | . . . . Impact . | . . . . Slashing . | . . . . Piercing . | . . . . Highest Corruption . | . . . . Average Corruption . | . . . . Corruption Purged . | . . . . Corruption Blocked . | . . . . Overload Shots . | . . . . Overflow Damage 10 | . . . 10 Projectiles 10 | . . . 10 Explosions . | . . . . Melee . | . . . . Knockbacks . | . . . . Impact . | . . . . Kinetic . | . . . . Secondary . | . . . . Self-Inflicted Damage 178 | . . . 178 Shots 4 | . . . 4 Rammed . | . . . . Targets Rammed . | . . . . Kicked . | . . . . Crushed . | . . . . Highest Temperature . | . . . . Average Temperature . | . . . . Received Heat Transfer 195 | . 72 . 123 Siege Activations . | . . . . Martial Activations . | . . . . Shielding Activations . | . . . . Robots Disrupted . | . . . . Combat Hostiles . | . . . . Robots Corrupted . | . . . . Combat Hostiles . | . . . . Parts Fried . | . . . . Impact Corruptions . | . . . . Robots Melted . | . . . . Combat Hostiles . | . . . . Parts Melted . | . . . . Heat Transferred 518 | . . . 518 Parts Sabotaged . | . . . . Parts Stolen . | . . . . Parts Stripped . | . . . . Power Chain Reactions . | . . . . Alert | -11 -10 -10 -10 ------- Run | Yrd Mat Min Sub Maximum Alert Level . | . . . . Low Security (%) 100 | 100 100 100 . Level 1 . | . . . . Level 2 . | . . . . Level 3 . | . . . . Level 4 . | . . . . Level 5 . | . . . . High Security . | . . . . Max Security . | . . . . Peak Influence 60 | . 30 60 . Initial 3 | . . 3 . Average 4 | . 3 5 . Influence Increases 369 | . 84 70 215 Destroy 0b10 Robot/C 200 | . 60 60 80 Destroy 0b10 Robot/NC 5 | . 5 . . Destroy Leader 22 | . 12 10 . Successful Hack 5 | . 5 . . Destroy Structure 2 | . 2 . . Lose Combat Pursuer 135 | . . . 135 Influence Decreases 330 | . 75 79 176 Entered New Map 6 | . . 6 . Time Decay 324 | . 75 73 176 Squads Dispatched 2 | . 1 1 . Investigation 1 | . . 1 . Extermination . | . . . . Reinforcement 1 | . 1 . . Assault . | . . . . Garrison . | . . . . Intercept . | . . . . Searches Triggered . | . . . . Construction Impeded . | . . . . Haulers Reinforced . | . . . . Active Scanning Responses . | . . . . Cargo Convoy Interrupts . | . . . . Stealth | -11 -10 -10 -10 --------- Run | Yrd Mat Min Sub Distress Signals . | . . . . Communications Jammed . | . . . . Distress Signals . | . . . . Times Spotted 27 | . 6 3 18 Peak Tracking Total 6 | . 2 3 6 Tactical Retreats 4 | . . . 4 Traps | -11 -10 -10 -10 ------- Run | Yrd Mat Min Sub Traps Triggered . | . . . . Indirectly . | . . . . Trap Hack Attempts . | . . . . Triggered . | . . . . Disarmed . | . . . . Reprogrammed . | . . . . Reused . | . . . . Traps Extracted . | . . . . Installed . | . . . . Triggered . | . . . . Machines | -11 -10 -10 -10 ---------- Run | Yrd Mat Min Sub Machines Disabled . | . . . . Max in Single Turn . | . . . . Machines Repaired . | . . . . Machines Dismantled . | . . . . Machines Sabotaged . | . . . . Overloaded Fab Kills . | . . . . Hacking | -11 -10 -10 -10 --------- Run | Yrd Mat Min Sub Machines Accessed 3 | . 1 2 . Terminals 2 | . 1 1 . Fabricators . | . . . . Repair Stations . | . . . . Recycling Units . | . . . . Scanalyzers . | . . . . Garrison Access . | . . . . Total Hacks 3 | . 1 2 . Successful 2 | . 1 1 . Failed 1 | . . 1 . Catastrophic 1 | . . 1 . Database Lockouts . | . . . . Manual . | . . . . Terminals 2 | . 1 1 . Fabricators . | . . . . Repair Stations . | . . . . Recycling Units . | . . . . Scanalyzers . | . . . . Garrison Access . | . . . . Terminal Hacks 2 | . 1 1 . Open Door 1 | . . 1 . Zone Layout 1 | . 1 . . Fabricator Hacks . | . . . . Repair Station Hacks . | . . . . Recycling Unit Hacks . | . . . . Scanalyzer . | . . . . Garrison Access Hacks . | . . . . Unauthorized Hacks . | . . . . Terminals . | . . . . Fabricators . | . . . . Repair Stations . | . . . . Recycling Units . | . . . . Scanalyzers . | . . . . Garrison Access . | . . . . Data Cores Recovered . | . . . . Used . | . . . . Hacking Detections . | . . . . Full Trace Events . | . . . . Feedback Events . | . . . . Feedback Blocked . | . . . . Robot Schematics Acquired . | . . . . Robots Built . | . . . . Authchips . | . . . . Time . | . . . . Total Robot Build Rating . | . . . . Part Schematics Acquired . | . . . . Parts Built . | . . . . Authchips . | . . . . Time . | . . . . Total Part Build Rating . | . . . . Part Studies Acquired . | . . . . Parts Repaired . | . . . . Time . | . . . . Parts Recycled . | . . . . Recycled Matter . | . . . . Retrieved Matter . | . . . . Retrieved Components . | . . . . Parts Scanalyzed . | . . . . Part Schematics Acquired . | . . . . Parts Damaged . | . . . . Bothacking | -11 -10 -10 -10 ------------ Run | Yrd Mat Min Sub Used RIF Installer . | . . . . Robots Hacked . | . . . . Non-combat . | . . . . Combat . | . . . . Robot Hacks Applied . | . . . . Relay Couplers Released . | . . . . Fabnet Peak Effective % . | . . . . Robots Rewired . | . . . . Allies Hacked . | . . . . Hacks Repelled . | . . . . Allies | -11 -10 -10 -10 -------- Run | Yrd Mat Min Sub Total Allies . | . . . . Largest Group . | . . . . Highest-Rated Group . | . . . . Highest-Rated Ally . | . . . . Total Orders . | . . . . Ally Attacks . | . . . . Total Damage . | . . . . Kills . | . . . . Allies Corrupted . | . . . . Allies Melted . | . . . . Intel | -11 -10 -10 -10 ------- Run | Yrd Mat Min Sub Active Infowar (turns) . | . . . . Robot Analysis Total . | . . . . Derelict Logs Recovered 1 | . . 1 . Drone Launches . | . . . . Drone Recoveries . | . . . . Exploration | -11 -10 -10 -10 ------------- Run | Yrd Mat Min Sub Turns Passed 2626 | 58 491 725 1352 Spaces Moved 1255 | 43 137 340 735 Core 83 | 21 . . 62 Treads 654 | 22 137 340 155 Legs . | . . . . Wheels 431 | . . . 431 Hover 87 | . . . 87 Flight . | . . . . Fastest Speed 50 | 50 160 160 110 Average Speed 153 | 114 160 160 152 Slowest Speed 450 | 160 160 160 450 Overloaded Moves . | . . . . Propulsion Burnouts . | . . . . Robots Hopped . | . . . . Potential Cave-ins . | . . . . Cave-ins Triggered . | . . . . Exploration Rate (%) 34 | 4 23 67 45 Regions Visited 3 Branch Regions 2 Pre-discovered Areas . | . . . . Known Exits Taken . | . . . . Unknown Exits Taken 3 | 1 1 1 . Scrap Searched 5 | . . 1 4 Spaces Dug . | . . . . Terrain Destroyed 31 | . . . 31 Melee . | . . . . Projectile . | . . . . AOE 31 | . . . 31 Terrain Rammed . | . . . . Walls Destroyed . | . . . . Machines Disabled . | . . . . Actions | -11 -10 -10 -10 --------- Run | Yrd Mat Min Sub Total 1848 | 51 379 496 922 Wait 478 | . 223 136 119 Move 1252 | 42 136 339 735 Hop . | . . . . Pick Up 27 | 5 3 5 14 Fast Attach 3 | 2 . . 1 Attach 13 | 2 2 2 7 Detach . | . . . . Swap 5 | . . . 5 Drop 14 | . . 1 13 Fire 56 | . 15 13 28 Melee . | . . . . Ram . | . . . . Kick . | . . . . Crush . | . . . . Escape Stasis . | . . . . Rewire . | . . . . Trap . | . . . . Miscellaneous . | . . . . Route ------- -11/Scrapyard -10/Materials (discovered 2 exits: [Mat] / *Min) -10/Mines (discovered 3 exits: [*Mat x2] / [*Sub]) -10/Subcaves (discovered 2 exits: [*Mat] / [*Rec]) History --------- Turn | Location | Event 8 | -11/Scrapyard | Discovered new exit (range 15) 59 | -11/Scrapyard | Entered Materials 311 | -10/Materials | Build established: Mutant 455 | -10/Materials | Discovered new exit (range 10) 455 | -10/Materials | Discovered new exit (range 19) 550 | -10/Materials | Entered Mines 760 | -10/Mines | Discovered new exit (range 7) 948 | -10/Mines | Met a Derelict shopkeep closing up shop 1115 | -10/Mines | Learned Materials garrison access intel 1147 | -10/Mines | Discovered new exit (range 7) 1260 | -10/Mines | Discovered new exit (range 8) 1275 | -10/Mines | Entered Subcaves 1589 | -10/Subcaves | Lost 3 parts (1n2w) 1601 | -10/Subcaves | Shifting Twisted Machinery released Sub. Power Source 1659 | -10/Subcaves | Discovered new exit (range 15) 1677 | -10/Subcaves | Disturbed a concealed Subdweller 1987 | -10/Subcaves | Shifting Twisted Machinery released Mak. Kinetic Plating 1990 | -10/Subcaves | Discovered new exit (range 15) 1991 | -10/Subcaves | Shifting Twisted Machinery released Battle Cannon 2017 | -10/Subcaves | Core integrity fell below 50% 2408 | -10/Subcaves | Core integrity fell below 20% 2627 | -10/Subcaves | Destroyed self with Subdweller Shrapnel Launcher Last Messages --------------- Sink. 02278_ Acquired Scrap Shield Fragment. 02279_ Dropped Scrap Shield Fragment. 02280_ Acquired Scrap Shield Fragment. 02298_ Dropped Assault Rifle. 02300_ Acquired 10 matter. 02313_ Acquired Sub. Laser. 02323_ Acquired Sub. Monowheel. 02325_ Acquired 10 matter. 02327_ Dropped Lgt. Ion Engine. 02329_ Dropped Scrap Shield Fragment. 02346_ Subatomizers dissect the Sub. Monowheel. 02351_ Acquired 9 matter. 02353_ Acquired 1 matter. 02407_ MH-H3H(R) destroyed. 02410_ Acquired 15 matter. 02424_ Acquired 6 matter. 02539_ Acquired 19 matter. 02593_ OJ-3P6(u) builds Twisted Machinery. 02627_ OJ-3P6(u) tweaks Twisted Machinery. Map ----- +----------------------------------------------------+ | ?????????????????????????????????????????????????? | | ?????????????????????????????????????????????????? | | ?????????????????????????????????????????????????? | | ?????????????????????????????????????????????????? | | ?????????????????????????????????????????????????? | | ?????????????????????????????????????????????????? | | ?????????????????????????????????????????????????? | | ?????????????????????????????????????????????????? | | ????????????????????????????#????????????????????? | | ??????????????????????????## ????????????????? | | ???????????????????????? ??????????????? | | ??????????????####?????? ?????????????? | | ?????????????## ##????? ?????????????? | | ??????????##?# #????? ?????????????? | | ?????????## ?# ?????? ????????????? | | ?????????# ?# ?????? ?????????????? | | ?????????# ?# #?????? #??????????????? | | ????????## ?# ##????? #???????????????? | | ????????# ??# #####?# #????????????????? | | ????????# ??# ### #????????????????? | | ????????# ### #?????????????????????? | | ?????????# """"" ##????????????????????? | | ?????????## """"" ""#????????????????????? | | ??????????## ###""" "##????????????????????? | | ???????????# #?#"" ## u#?????????????????????? | | ???????????# ###" ######@ ;?????????????????????? | | ???????????# ##???#; """??????????????????? | | ???????????## #????#; ?????????????????? | | #######?????## #????#; ????????????????? | | # %#[!#??????## ###??#" ;## ???????????????? | | # %#???????## #?? """#??" #?????????????? | | ##"&###????????## ""#??#" #???? #?????????????? | | ### %#??####????# "##### ##????? #?????????????? | | # # ##### ##???# "#?#""" #??????? #?????????????? | | # " " # ##### ### "" #????????#?????????????? | | < " #??????????????????????? | | ##??????????????????????? | | # # ##???????????????????????? | | ## ######## ###????????????????????????? | | ##### #??????###??????????????????????????# | | ##??## #???????????????????????????????????# | | ###### #???????????????????????????????????# | | ##""## ##???????????????????????????????????# | | "" ## ##????????????????????????????????????? | | " " #### ##??????????????????????????????????### | | ## #??# #??????????????????????????????????# | | ## #### #??????????????????????????????????# | | " ## #??????????????????????????????????# | | "" ##?????????????????????????????????## | | #??????????????????????????????????# | +----------------------------------------------------+ Best States ------------- Heat Dissipation 25 Energy Generation 15 Energy Capacity 250 Matter Stores 300 Matter Capacity 300 Sight Range 16 Terrain Scan Density 10 Armor Coverage 100 Resistance: KI 10 Evasion (%) 50 Target Analysis 5 Recoil Reduction 2 Item Schematics ----------------- None Robot Schematics ------------------ None Fabricated ------------ Nothing Repaired ---------- Nothing Studied --------- None Alien Tech Used ----------------- None Achievements -------------- None Challenges ------------ None Game ------ Seed PhaseJammingGriptreads Manual? 0 Play Time 00:18:52 Cumulative 17.5 hours Start 2025.11.10 @ 14:54:47 End 2025.11.10 @ 15:10:45 Sessions 1 Manual Loads 0 Difficulty Rogue Special Mode None Game No. 51 Rogue 51 Adventurer 0 Explorer 0 Win Type - Total 0 Types 0/0/0/0/0/0/0/0/0/0 Lore% 5 Gallery% 17 Achievement% 13 Wizard Run 0 Options --------- Layout 1 ASCII 0 Keyboard 0 Movement Mouse Keybinds 0 Fullscreen 1 Font 24/Terminus Map View 50x35 Zoom Use 0% Tactical HUD 1 Map Filters NONE Filters NONE Steam 1 RUN: 2b447275-e529-4789-bc7b-22a8489bca6d